 Dungeon Crawl Stone Soup version 0.29.1-13-g9f3cf754e1 (webtiles) character file.

Game seed: 6231219926614975102

377 cheesebisquit the Shooter (level 6, -2/53 HPs)
             Began as a Minotaur Hunter on Jan 31, 2023.
             Killed by divine providence
             ... invoked by an orc priest
              (10 damage)
             ... on level 3 of the Dungeon.
             The game lasted 00:09:05 (3017 turns).

cheesebisquit the Shooter (Minotaur Hunter)         Turns: 3017, Time: 00:09:06

Health: -2/53      AC:  7    Str: 19    XL:     6   Next: 45%
Magic:  5/5        EV: 13    Int:  6    God:
Gold:   174        SH:  0    Dex: 16    Spells: 5/5 levels left

rFire   x . .      SeeInvis .   a - +0 shortbow
rCold   . . .      Faith    .   (shield currently unavailable)
rNeg    . . .      Spirit   .   k - +1 leather armour of Defiance {rF- Regen+ Str+4}
rPois   .          Reflect  .   (helmet restricted)
rElec   .          Harm     .   (no cloak)
rCorr   .          Rampage  .   j - +2 pair of gloves
Will    .....                   (no boots)
Stlth   ++........              (no amulet)
HPRegen 0.97/turn               (no ring)
MPRegen 0.09/turn               (no ring)

@: about to teleport
A: horns 2, retaliatory headbutt
a: no special abilities


You were on level 3 of the Dungeon.
You visited 1 branch of the dungeon, and saw 4 of its levels.
You also visited: Sewer.

You collected 174 gold pieces.

Inventory:

Hand Weapons
 a - a +0 shortbow (weapon)
Missiles
 l - 4 atropa-tipped darts
 m - 13 poisoned darts
 n - 2 curare-tipped darts
Armour
 c - a +0 leather armour
 j - a +2 pair of gloves (worn)
 k - the +1 leather armour of Defiance (worn) {rF- Regen+ Str+4}
   (You found it on level 2 of the Dungeon)

   Str:       It affects your strength (+4).
   rF:        It makes you vulnerable to fire.
   Regen:     It increases your rate of health regeneration.
Scrolls
 b - 2 scrolls of immolation
 d - 3 scrolls of teleportation
 e - 2 scrolls of poison
 f - a scroll of torment {unknown}
 h - 2 scrolls of fear {unknown}
 o - a scroll of blinking {unknown}
 r - 2 scrolls of enchant armour
 s - a scroll of noise {unknown}
Potions
 g - a potion of resistance {unknown}
 i - a potion of curing
 p - a potion of brilliance {unknown}
 q - a potion of heal wounds {unknown}
 t - a potion of flight {unknown}


   Skills:
 + Level 4.5 Fighting
 * Level 6.8 Ranged Weapons
 + Level 4.1 Dodging
 - Level 0.9 Stealth


You had 5 spell levels left.
You didn't know any spells.
Your spell library contained the following spells:

 Spells                   Type           Power      Damage    Failure   Level
 Gell's Gravitas          Tloc           0%         N/A       87%         3
 Teleport Other           Tloc           0%         N/A       87%         3
 Dispersal                Tloc           0%         N/A       100%        6


Dungeon Overview and Level Annotations

Branches:
Dungeon (4/15)              Sewer (visited)
 Temple: D:4-7

Altars:
Cheibriados
Okawaru


Innate Abilities, Weirdness & Mutations

You have a pair of horns on your head.
You reflexively headbutt those who attack you in melee.


Message History

You shoot an arrow. The arrow barely misses the orc priest.
The orc priest looks satisfied for a moment.
Something hits you but does no damage.
Fire: a) +0 shortbow
Press: ? - help, Q - select action, (/) - cycle Shift-Dir - straight line, f/p - orc priest
Aim: an orc priest, wielding a +0 mace and wearing a +0 chain mail (moderately wounded, 72% to hit)
You shoot an arrow.
The arrow hits the orc priest but does no damage.
The orc priest is moderately wounded.
The orc priest begins to cast a cantrip, but forgets the words!
Something hits you but does no damage.
Fire: a) +0 shortbow
Press: ? - help, Q - select action, (/) - cycle Shift-Dir - straight line, f/p - orc priest
Aim: an orc priest, wielding a +0 mace and wearing a +0 chain mail (moderately wounded, 72% to hit)
You shoot an arrow.
The arrow completely misses the orc priest.
The orc priest hits you with a +0 mace! Something hits you but does no damage.
Fire: a) +0 shortbow
Press: ? - help, Q - select action, (/) - cycle Shift-Dir - straight line, f/p - orc priest
Aim: an orc priest, wielding a +0 mace and wearing a +0 chain mail (moderately wounded, 72% to hit)
You shoot an arrow.
The arrow closely misses the orc priest.
The orc priest hits you with a +0 mace.
You hear some strange, mumbled words.
A magic dart appears from out of thin air!
The magic dart hits you!
* * * LOW HITPOINT WARNING * * *
The orc priest hits you with a +0 mace.
* * * LOW HITPOINT WARNING * * *
Something hits you but does no damage.
As you read the scroll labelled OGE NIEMIB, it crumbles to dust.
You feel strangely unstable.
It was a scroll of teleportation.
The orc priest calls down the wrath of Beogh upon you.
You barely resist. Something hits you but does no damage.
Things that are here:
a +0 club; an orc corpse Something hits you but does no damage.
The orc priest invokes the aid of Beogh against you.
Beogh smites you!
You die...

~#....#.###.....##.......##.#
#####.#+###.......##......#.####
# #......#......##......#....#
#......#......##......#..#.##
#......#...........####......
#####......#...........# #....##
......#+####...##......## #....#
#######.####......).....# #..####
######..#..+....@)o.....# #......
........................# ##.####
....#...♣...#...........# #.....
.......♣.♣..............#########
......♣.♣.♣....................#
.#...♣.♣.♣.♣....###...#####....##
.##.♣.♣._.♣.♣...# #...# #.###..
###..♣.♣.♣.♣....# #..[# ###.###.#
###...♣.♣.♣.....# ##### #........


You could see an orc priest.

Vanquished Creatures
  2 kobold brigands (Sewer)
  Terence (D:3)
  An orc wizard (D:3)
  8 adders
  2 dart slugs
  7 worms
  5 orcs (D:3)
  3 bats
  7 endoplasms
  3 giant cockroaches
  5 goblins
  8 hobgoblins
  6 jackals (D:3)
  4 quokkas
  11 ball pythons
  A frilled lizard (D:1)
  6 kobolds
  11 rats
91 creatures vanquished.

Notes
Turn   | Place    | Note
-------+----------+-------------------------------------------
     0 | D:1      | cheesebisquit the Minotaur Hunter began the quest for the
                  | Orb.
     0 | D:1      | Reached XP level 1. HP: 18/18 MP: 0/0
   308 | D:1      | Reached XP level 2. HP: 25/25 MP: 1/1
  1097 | D:2      | Reached XP level 3. HP: 3/31 MP: 2/2
  1099 | D:2      | Reached skill level 5 in Ranged Weapons
  1445 | D:2      | Found a faded altar of an unknown god.
  1462 | D:2      | Identified the +1 leather armour of Defiance {rF- Regen+
                  | Str+4}
  1510 | D:2      | You fall into a shaft and drop 2 floors!
  1939 | D:3      | Reached XP level 4. HP: 38/38 MP: 3/3
  1947 | D:3      | Noticed Terence
  1957 | D:3      | Killed Terence
  1988 | D:3      | Found a snail-covered altar of Cheibriados.
  2075 | D:3      | Found a glowing drain.
  2083 | Sewer    | Entered a sewer
  2089 | Sewer    | Reached XP level 5. HP: 46/46 MP: 4/4
  2192 | Sewer    | Reached skill level 6 in Ranged Weapons
  2322 | Sewer    | Reached XP level 6. HP: 37/53 MP: 5/5
  2570 | D:3      | Found an iron altar of Okawaru.
  3017 | D:3      | Killed from afar by an orc priest

Illustrated notes

Levels and vault maps discovered:
D:1:      sevenhm_arrival_forest_fort_small_3, layout_basic,
          minmay_splitting_lines
D:2:      cheibrodos_old_hovel, layout_basic,
          hellmonk_ecumenical_altar_crossroads
D:3:      layout_basic, okawaru_trees_2, kennysheep_slug_shrine,
          gup_sewer_entry_bubbles, minmay_starry_boxes, uniq_terence
D:4:      layout_loops_ring, nicolae_overflow_crystal_walls,
          grunt_temple_overflow_open, serial_shops,
          nicolae_shop_advertising_works [nicolae_subvault_shop_adworks],
          uniq_natasha

Skill      XL: |  1  2  3  4  5 |
---------------+----------------+-----
Fighting       | 3 4 |  4.5
Ranged Weapons | 5 6 |  6.8
Dodging        | 3 4 |  4.1
Stealth        | |  0.9

Action                   |  1- 3 |  4- 6 || total
-------------------------+-------+-------++-------
 Fire: Shortbow          |   113 |   168 ||   281
  Use: Scroll            |     2 |     2 ||     4
       Potion            |       |     2 ||     2
Armor: Leather armour    |    13 |    40 ||    53
Dodge: Dodged            |    36 |    54 ||    90
